 Dungeon Crawl Stone Soup version 0.24.1-14-gf8d2b509d9 (webtiles) character file.

Game seed: 12167200717078026710, levelgen mode: deterministic

260 Gildeon the Insei (level 6, -2/41 HPs)
             Began as an Octopode Transmuter on June 9, 2020.
             Slain by Grinder (8 damage)
             ... while paralysed by Grinder
             ... on level 4 of the Dungeon on June 10, 2020.
             The game lasted 00:11:16 (3249 turns).

Gildeon the Insei (Octopode Transmuter)             Turns: 3249, Time: 00:11:16

Health: -2/41      AC:  1    Str: 10    XL:     6   Next: 17%
Magic:  9/10       EV:  2    Int: 17    God:
Gold:   256        SH:  0    Dex: 12    Spells: 0/10 levels left

rFire    . . .     SeeInvis .     - Unarmed
rCold    . . .     Gourm    .   (no shield)
rNeg     . . .     Faith    .   (helmet restricted)
rPois    .         Spirit   .   (no amulet)
rElec    .         Reflect  .   (no ring)
rCorr    .         Harm     .   (no ring)
MR       .....                  (no ring)
Stlth    +++.......             (no ring)
HPRegen  0.13/turn              (no ring)
MPRegen  0.12/turn              (no ring)
                                (no ring)
                                (no ring)

@: paralysed, appendage
A: almost no armour, stealthy swim, amphibious, 8 rings, constrict 8, tentacle
spike 3, camouflage 1, gelatinous body 1
a: End Transformation


You were on level 4 of the Dungeon.
You were very hungry.
One of your tentacles had a temporary spike.
You visited 1 branch of the dungeon, and saw 4 of its levels.

You collected 256 gold pieces.

Inventory:

Missiles
 a - 70 arrows
Armour
 f - a +0 shield
Wands
 b - a wand of random effects (18)
Scrolls
 d - 2 scrolls of blinking
 e - 3 scrolls of amnesia {unknown}
 m - 2 scrolls of enchant weapon {unknown}
 n - 2 scrolls of teleportation {unknown}
 p - a scroll of remove curse {unknown}
 q - a scroll of noise {unknown}
 r - a scroll of identify
Potions
 g - a potion of lignification
 h - 2 potions of curing
 i - a potion of brilliance {unknown}
 j - a potion of might {unknown}
 k - a potion of flight {unknown}
 l - 2 potions of cancellation {unknown}
 o - 3 potions of berserk rage
 s - a potion of resistance {unknown}
Comestibles
 c - 6 rations


   Skills:
 + Level 2.4 Fighting
 + Level 3.1 Dodging
 + Level 3.5 Stealth
 + Level 3.8 Unarmed Combat
 + Level 2.8 Spellcasting
 + Level 3.0 Transmutations


You couldn't memorise any spells.
You knew the following spells:

 Your Spells              Type           Power        Failure   Level  Hunger
a - Beastly Appendage     Tmut           ##....       5%          1    #......
b - Sticks to Snakes      Tmut           ##......     8%          2    ##.....
c - Spider Form           Tmut/Pois      #.........   28%         3    ###....
d - Ice Form              Ice/Tmut       #.......     67%         4    #####..

Your spell library contained the following spells:

 Spells                   Type           Power        Failure   Level  Hunger
 Blade Hands              Tmut           ##........   82%         5    ######.


Dungeon Overview and Level Annotations

Branches:
Dungeon (4/15)
 Temple: D:4-7

Altars:
Ashenzari

Annotations:
D:3 exclusion: 3 jackals, Robin
D:4 Grinder


Innate Abilities, Weirdness & Mutations

You cannot wear most types of armour.
You are very stealthy in the water. (Stealth+)
You are amphibious.
You can wear up to eight rings at the same time.
You can use your tentacles to constrict eight enemies at once.
Your skin changes colour to match your surroundings (Stealth+).
Your rubbery body absorbs attacks. (AC +1, EV +1)
One of your tentacles bears a large vicious spike.


Message History

You barely miss the quokka.
The quokka is moderately wounded.
You constrict the quokka. The quokka barely misses you.
You tentacle-slap the quokka.
You kill the quokka!
Grinder gestures at you. Pain shoots through your body!
Grinder blinks!
Grinder gestures at you. Pain shoots through your body!
* * * LOW HITPOINT WARNING * * *
Grinder says, "Wait up."
Grinder misses you.
Casting: Beastly Appendage (safe; 5% risk of failure)
Confirm with . or Enter, or press ? or * to list all spells.
One of your tentacles grows a vicious spike.
Grinder gestures at you.
You suddenly lose the ability to move!
Grinder hits you!
You die...

.#.#*#.####.....####
.#.#...##*##...(...#
.......##.##......?#
.###...#...........##
.#,.................#
,...,,....#.........##
.....,...##..........#
....,,...,#.........)#
...#,*..**#.....@....#
*..#**,,,*#..>...5..##
#..# **,**#.....##..#
...# *,,#......#*..#
..## **,....###..*,.#*
...##*,,...#**##.**..*
....#*,,.#.,,**,.**,.#
....#,,,**,,,,,,,,,,.#
.......,,,,,,,,,,,*,,*


You could see Grinder.

Vanquished Creatures
  A bullfrog (D:3)
  A scorpion (D:4)
  Natasha (D:4)
  5 adders
  An ooze (D:1)
  An adder skeleton (D:4)
  2 worms
  4 dart slugs (D:1)
  3 leopard geckos
  An orc (D:4)
  5 giant cockroaches
  7 goblins
  7 hobgoblins
  A quokka (D:4)
  6 bats
  3 frilled lizards
  9 kobolds
  A leopard gecko skeleton (D:4)
  5 rats (D:1)
64 creatures vanquished.

Notes
Turn   | Place    | Note
-------+----------+-------------------------------------------
     0 | D:1      | Gildeon the Octopode Transmuter began the quest for the
                  | Orb.
     0 | D:1      | Reached XP level 1. HP: 13/13 MP: 3/3
   213 | D:1      | Reached XP level 2. HP: 18/18 MP: 3/5
   219 | D:1      | Reached skill level 1 in Stealth
   229 | D:1      | Learned a level 2 spell: Sticks to Snakes
   401 | D:1      | Reached XP level 3. HP: 11/23 MP: 6/6
   428 | D:1      | Learned a level 3 spell: Spider Form
  1446 | D:2      | Reached XP level 4. HP: 23/29 MP: 5/7
  2086 | D:3      | Found a shattered altar of Ashenzari.
  2090 | D:3      | Noticed Robin
  2742 | D:4      | Noticed Natasha
  2772 | D:4      | Reached XP level 5. HP: 10/34 MP: 8/8
  3004 | D:4      | Reached XP level 6. HP: 17/41 MP: 10/10
  3019 | D:4      | Learned a level 4 spell: Ice Form
  3219 | D:4      | Killed Natasha
  3239 | D:4      | Noticed Grinder
  3248 | D:4      | Paralysed by Grinder for 2 turns
  3249 | D:4      | Slain by Grinder

Levels and vault maps discovered:
D:1:      tarquinn_simple_flora_water_e, layout_rooms
D:2:      layout_rooms, serial_glass, glass_columns_b, glass_columns_a
D:3:      layout_basic, first_ration, chequers_ecumenical_altar_lobes,
          minmay_strange_pillars, ebering_dispersal_statue_hall,
          nicolae_ashenzari_panopticon, uniq_robin
D:4:      layout_cave_pools, uniq_natasha, uniq_grinder

Skill      XL: |  1  2  3  4  5  6 |
---------------+-------------------+-----
Stealth        | 1 2 3 |  3.5
Fighting       | 2 |  2.4
Dodging        | 3 |  3.1
Transmutations | 3 |  3.0
Unarmed Combat | |  3.8
Spellcasting   | |  2.8

Action                   |  1- 3 |  4- 6 || total
-------------------------+-------+-------++-------
Melee: Unarmed           |    80 |    86 ||   166
       Constrict         |    21 |    22 ||    43
       Kick              |     9 |     7 ||    16
       Tentacles         |    13 |    12 ||    25
       Punch             |     1 |     1 ||     2
 Cast: Beastly Appendage |     6 |     6 ||    12
  Use: Scroll            |     1 |     4 ||     5
       Potion            |       |     3 ||     3
 Stab: Sleeping          |     4 |     3 ||     7
  Eat: Chunk             |     2 |     4 ||     6
Armor: Skin              |     7 |     7 ||    14
Dodge: Dodged            |    80 |    64 ||   144
